 Dungeon Crawl Stone Soup version 0.16.1-2-g95b8d4c (console) character file.

331 Monkaria the Chopper (level 6, -1/57 HPs)
             Began as a Deep Dwarf Skald on Mar 25, 2015.
             Slain by an ogre
             ... wielding a +0 giant club
              (12 damage)
             ... on level 4 of the Dungeon.
             The game lasted 00:05:48 (2741 turns).

Monkaria the Chopper (Deep Dwarf Skald)             Turns: 2741, Time: 00:05:48

Health: -1/57      AC:  5    Str: 17    XL:     6   Next: 26%
Magic:  7/7        EV: 11    Int: 12    God:
Gold:   169        SH:  0    Dex: 13    Spells: 1 memorised, 7 levels left

rFire  . . .     SeeInvis .     e - +0 war axe
rCold  . . .     Clarity  .     b - +0 leather armour
rNeg   . . .     SustAb   .     (no shield)
rPois  .         Gourm    .     (no helmet)
rElec  .         Spirit   .     (no cloak)
rCorr  .         Warding  .     k - +0 pair of gloves
rMut   .         Stasis   .     h - +0 pair of boots
MR     ++...                    (no amulet)
Stlth  +.........               (no ring)
                                s - ring of protection from magic

@: non-regenerating, very resistant to hostile enchantments, very unstealthy
A: damage resistance, recharge devices, high mp 1, magic resistance 1, sense
surroundings 1, slow healing 3, forlorn
a: Device Recharging


You were on level 4 of the Dungeon.
You were not hungry.

You visited 1 branch of the dungeon, and saw 4 of its levels.

You collected 169 gold pieces.

Inventory:

Hand weapons
 e - a +0 war axe (weapon)
Missiles
 o - 12 poisoned needles
Armour
 b - a +0 leather armour (worn)
 h - a +0 pair of boots (worn)
 k - a +0 pair of gloves (worn)
Jewellery
 a - an uncursed ring of protection from fire {unknown}
 s - a ring of protection from magic (left hand)
Magical devices
 d - a wand of heal wounds (3)
Scrolls
 g - a scroll of enchant weapon {unknown}
 j - 4 scrolls of teleportation {unknown}
 l - a scroll of fog {unknown}
 m - a scroll of recharging {unknown}
 n - 3 scrolls of remove curse {unknown}
 v - a scroll of immolation {unknown}
Potions
 t - a potion of agility
 u - a potion of haste
Books
 c - a book of Battle

   Spells                             Type                      Level
   a - Infusion                       Charms                       1
   b - Shroud of Golubria             Charms/Translocation         2
   c - Song of Slaying                Charms                       2
   d - Spectral Weapon                Hexes/Charms                 3
   e - Regeneration                   Charms/Necromancy            3
Comestibles
 f - 4 bread rations
 i - a slice of pizza
 p - 2 beef jerkies
 q - 2 chunks of flesh
 r - 4 fruits


   Skills:
 - Level 4.1 Fighting
 + Level 5.7 Axes
 - Level 1.1 Armour
 - Level 1.1 Dodging
 - Level 1.7 Spellcasting
 - Level 2.6 Charms


You had 7 spell levels left.
You knew the following spells:

 Your Spells              Type           Power        Failure   Level  Hunger
a - Infusion              Chrm           #.....       12%         1    ##.....


Dungeon Overview and Level Annotations

Branches:
Dungeon (4/15)
 Temple: D:4-7

Altars:
Gozag
The Shining One


Innate Abilities, Weirdness & Mutations

You are resistant to damage.
You can recharge devices by infusing magical energy.
You passively map a small area around you.
You do not heal naturally.
You have an increased reservoir of magic (+10% MP).
You are resistant to hostile enchantments.
You have difficulty communicating with the divine.


Message History

The ogre barely misses you.
You barely miss the ogre.
The ogre is lightly wounded.
The ogre closely misses you.
You hit the ogre.
The ogre is moderately wounded.
The ogre hits you with a giant club!
You hit the ogre.
The ogre is heavily wounded.
The ogre closely misses you.
You barely miss the ogre.
The ogre is heavily wounded.
You barely miss the ogre.
The ogre is heavily wounded.
The ogre hits you with a giant club!!
* * * LOW HITPOINT WARNING * * *
You hit the ogre.
The ogre is heavily wounded.
The ogre hits you with a giant club!
You die...

... * ..# , #.# #.# .* ..#
,...#. #.# #### * ......#
#r# #..# ##### ...#.#
##O## #..## ....##
#..#.###.@.####...#
.....###........_........#
......##...####...###....#
......##...# ##.## #....#
..........[# #.# #....#
.....))...<# #.####....#
......##...#####.........#
......##.............#..##
.....###.....############


You could see an ogre and a rat.

Vanquished Creatures
  The ghost of Leibowitz the Ducker, an average DgGl (D:3)
  An iguana (D:4)
  An orc wizard (D:4)
  Jessica (D:3)
  A hound skeleton (D:3)
  3 adders
  A giant mite (D:3)
  A worm (D:3)
  3 giant geckos (D:2)
  9 orcs
  A ball python (D:3)
  3 giant cockroaches
  12 goblins
  8 hobgoblins
  2 jackals (D:2)
  3 quokkas (D:3)
  6 bats
  2 giant newts
  5 kobolds
  2 rats
66 creatures vanquished.

Notes
Turn   | Place    | Note
--------------------------------------------------------------
     0 | D:1      | Monkaria, the Deep Dwarf Skald, began the quest for the Orb.
     0 | D:1      | Reached XP level 1. HP: 19/19 MP: 2/2
   208 | D:1      | Reached XP level 2. HP: 20/27 MP: 3/3
   900 | D:2      | Reached skill level 3 in Fighting
  1028 | D:2      | Reached XP level 3. HP: 24/34 MP: 5/5
  1190 | D:2      | Found a glowing golden altar of the Shining One.
  1752 | D:3      | Reached XP level 4. HP: 36/44 MP: 6/6
  1821 | D:3      | Reached skill level 4 in Fighting
  1838 | D:3      | Noticed Leibowitz's ghost (average DgGl)
  1864 | D:3      | Gained mutation: You have an increased reservoir of magic (+10% MP). [potion of mutation]
  1864 | D:3      | Gained mutation: You have difficulty communicating with the divine. [potion of mutation]
  1864 | D:3      | Gained mutation: You are resistant to hostile enchantments. [potion of mutation]
  1887 | D:3      | Killed Leibowitz's ghost
  1887 | D:3      | Reached XP level 5. HP: 37/50 MP: 2/6
  1949 | D:3      | Reached skill level 5 in Axes
  2173 | D:3      | Noticed Jessica
  2179 | D:3      | Killed Jessica
  2179 | D:3      | Reached XP level 6. HP: 37/57 MP: 8/8
  2709 | D:4      | Found an opulent altar of Gozag.
  2741 | D:4      | Slain by an ogre

Action                   |  1- 3 |  4- 6 || total
-------------------------+-------+-------++-------
Melee: Hand axe          |   164 |   128 ||   292
       War axe           |       |     8 ||     8
 Cast: Infusion          |       |     3 ||     3
 Abil: Device Recharging |       |     2 ||     2
Evoke: Wand              |     3 |     7 ||    10
  Use: Potion            |       |     3 ||     3
       Scroll            |       |     2 ||     2
  Eat: Chunk             |     3 |     3 ||     6
